 Dungeon Crawl Stone Soup version 0.23-a0-629-gae4348f (webtiles) character file.

78 galech the Covered (level 4, 0/35 HPs)
             Began as a Demonspawn Fighter on Dec 26, 2018.
             Slain by an orc wizard
             ... wielding a +2 dagger of draining
              (1 damage)
             ... on level 3 of the Dungeon.
             The game lasted 00:01:50 (1791 turns).

galech the Covered (Demonspawn Fighter)             Turns: 1791, Time: 00:01:52

Health: 0/35       AC: 10    Str: 16    XL:     4   Next: 15%
Magic:  4/4        EV:  1    Int: 10    God:
Gold:   60         SH:  0    Dex: 13    Spells: 3/3 levels left

rFire    . . .     SeeInvis .   a - +0 war axe
rCold    . . .     Gourm    .   c - +0 shield
rNeg     . . .     Faith    .   k - +0 plate armour
rPois    .         Spirit   .   (no helmet)
rElec    .         Reflect  .   (no cloak)
rCorr    .         Harm     .   (no gloves)
MR       .....                  (no boots)
Stlth    ..........             (no amulet)
HPRegen  0.11/turn              (no ring)
MPRegen  0.09/turn              (no ring)

@: confused, very heavily drained
A: hooves 1
a: no special abilities


You were on level 3 of the Dungeon.
You were not hungry.

You visited 1 branch of the dungeon, and saw 3 of its levels.

You collected 60 gold pieces.

Inventory:

Hand Weapons
 a - a +0 war axe (weapon)
Armour
 c - a +0 shield (worn)
 k - a +0 plate armour (worn)
Scrolls
 b - a scroll of fog {unknown}
 e - 5 scrolls of identify {unknown}
 i - a scroll of magic mapping {unknown}
 m - a scroll of enchant armour {unknown}
 n - 3 scrolls of teleportation {unknown}
 p - a scroll of remove curse {unknown}
 q - a scroll of noise {unknown}
Potions
 d - a potion of might
 h - 2 potions of curing {unknown}
 j - a potion of flight {unknown}
 l - 2 potions of invisibility {unknown}
 o - 2 potions of lignification {unknown}
Comestibles
 f - 2 rations
 g - 2 chunks of flesh


   Skills:
 + Level 3.2(0.0) Fighting
 + Level 2.7(0.0) Axes
 + Level 3.2(0.0) Armour
 + Level 0.4(0.0) Dodging
 + Level 3.2(0.0) Shields


You had 3 spell levels left.
You didn't know any spells.
Your spell library was empty.

Dungeon Overview and Level Annotations

Branches:
Dungeon (3/15)

Altars:


Innate Abilities, Weirdness & Mutations

You have large cloven feet.


Message History

The orc wizard hits you but does no damage.
You feel drained.
The orc wizard gestures at you while chanting.
The magic dart hits you!
* * * LOW HITPOINT WARNING * * *
You're too confused to move!
The orc wizard hits you but does no damage.
You feel drained.
The orc wizard gestures at you while chanting.
You are more confused.
The orc wizard hits you but does no damage.
You feel drained.
You miss the orc wizard. Your kick misses the orc wizard.
The orc wizard is almost dead.
The orc wizard hits you with a +2 dagger of draining.
* * * LOW HITPOINT WARNING * * *
You feel drained.
* * * LOW HITPOINT WARNING * * *
The orc wizard hits you with a +2 dagger of draining.
You die...

.# ##.##..#####.#
#.####.##....<##.#
...##......#####.#
...+.........###)#######
...###.##..#...........#
...'...##..#...........#
...###.................#
#.#............o....####
.#..##.##.......@...#
#.#.##.##...........#
.#..##.###..........#
#.#.....<#.#+###+####
.#.#.#.### #.##.#.#
'#.#...# ..#....#
..+#...#


You could see an orc wizard.

Vanquished Creatures
  2 adders (D:2)
  2 oozes (D:1)
  A worm (D:2)
  2 dart slugs (D:2)
  2 orcs (D:3)
  2 giant cockroaches (D:2)
  3 hobgoblins (D:1)
  3 jackals (D:2)
  7 kobolds (D:1)
  A quokka (D:2)
  A ball python (D:1)
  3 bats
  4 frilled lizards (D:2)
  4 goblins
  10 rats
47 creatures vanquished.

Notes
Turn   | Place    | Note
-------+----------+-------------------------------------------
     0 | D:1      | galech the Demonspawn Fighter began the quest for the Orb.
     0 | D:1      | Reached XP level 1. HP: 18/18 MP: 1/1
   123 | D:1      | Gained mutation: You have large cloven feet. [demonic
                  | ancestry]
   123 | D:1      | Reached XP level 2. HP: 13/24 MP: 2/2
   775 | D:2      | Reached XP level 3. HP: 27/29 MP: 3/3
  1465 | D:2      | Reached XP level 4. HP: 34/35 MP: 4/4
  1791 | D:3      | HP: 1/35 [orc wizard/+2 dagger of draining (1)]
  1791 | D:3      | Slain by an orc wizard

Vault maps used:
D:1:      lemuel_arrival_river_passageway
D:3:      grunt_temple_overflow_gold_and_silver, grunt_temple_overflow_open,
          serial_undead, serial_undead_c, serial_undead_d, serial_undead_b,
          serial_undead_d, hangedman_decor_riveting

Skill      XL: |  1  2 |
---------------+-------+-----
Shields        | 3 |  3.2
Armour         | 3 |  3.2
Axes           | 2 |  2.7
Fighting       | |  3.2
Dodging        | |  0.4

Action                   |  1- 3 |  4- 6 || total
-------------------------+-------+-------++-------
Melee: War axe           |   131 |    36 ||   167
       Kick              |    24 |     6 ||    30
  Eat: Chunk             |     2 |     1 ||     3
Armor: Scale mail        |    19 |       ||    19
       Plate armour      |    65 |    28 ||    93
Dodge: Dodged            |    26 |     1 ||    27
Block: Shield            |    72 |     9 ||    81

Table legend:
 A = Non-vault XP
 B = Vault XP
 C = Vault XP percentage of total XP
 D = Non-vault monster count
 E = Vault monster count
 F = Vault count percentage of total count
                 A         B        C        D         E       F
            +---------+---------+-------+---------+---------+-------
      Total |     112 |       0 |   0.0 |      47 |       0 |   0.0
            +---------+---------+-------+---------+---------+-------
        D:1 |      38 |       0 |   0.0 |      20 |       0 |   0.0
        D:2 |      68 |       0 |   0.0 |      25 |       0 |   0.0
        D:3 |       6 |       0 |   0.0 |       2 |       0 |   0.0
            +---------+---------+-------+---------+---------+-------
